 Seeded DCSS version 0.27.1-33-g824d729ab1 (webtiles) character file.

Game seed: 1804034943127337514 (custom seed)

37 croobank the Skirmisher (level 3, 0/29 HPs)
             Began as a Demonspawn Monk on Dec 12, 2021.
             Succumbed to a scorpion's poison
             ... on level 3 of the Dungeon.
             The game lasted 00:06:09 (1427 turns).

croobank the Skirmisher (Demonspawn Monk)           Turns: 1427, Time: 00:06:10

Health: 0/29       AC:  3    Str: 12    XL:     3   Next: 23%
Magic:  3/3        EV: 12    Int: 13    God:
Gold:   75         SH:  0    Dex: 15    Spells: 2/2 levels left

rFire    . . .     SeeInvis .   a - +0 spear
rCold    . . .     Faith    .   (no shield)
rNeg     + . .     Spirit   .   i - +0 leather armour
rPois    .         Reflect  .   (no helmet)
rElec    .         Harm     .   (no cloak)
rCorr    .         Rampage  .   (no gloves)
Will     .....                  (no boots)
Stlth    ++........             (no amulet)
HPRegen  0.09/turn              n - ring of positive energy
MPRegen  0.16/turn              (no ring)

@: mighty, lethally poisoned (0 -> -9)
A: magic regeneration, big brain 1
a: no special abilities


You were on level 3 of the Dungeon.
You visited 1 branch of the dungeon, and saw 3 of its levels.

You collected 75 gold pieces.

Inventory:

Hand Weapons
 a - a +0 spear (weapon)
 d - a +0 hand axe
 m - a +0 war axe
Missiles
 c - 9 sling bullets
 l - 43 stones (quivered)
Armour
 b - a +0 robe
 e - a +0 scale mail
 i - a +0 leather armour (worn)
 k - a +0 scale mail
Jewellery
 n - a ring of positive energy (left hand)
Scrolls
 f - a scroll of teleportation {unknown}
Potions
 g - a potion of attraction {attract, unknown}
 h - a potion of flight
 o - a potion of degeneration {unknown}
 p - a potion of magic {unknown}


   Skills:
 + Level 3.5 Fighting
 + Level 3.1 Polearms
 + Level 3.1 Dodging
 + Level 1.9 Stealth


You had 2 spell levels left.
You didn't know any spells.
Your spell library was empty.

Dungeon Overview and Level Annotations

Branches:
Dungeon (3/15)

Altars:


Innate Abilities, Weirdness & Mutations

You regenerate magic rapidly.
You have an unusually large brain. (Int +2)


Message History

The scorpion stings you but does no damage.
You hit the scorpion.
The scorpion is severely wounded.
The scorpion closely misses you.
You closely miss the scorpion.
The scorpion is severely wounded.
The scorpion barely misses you.
You hit the scorpion.
The scorpion is almost dead.
The scorpion completely misses you.
You hit the scorpion but do no damage.
The scorpion is almost dead.
The scorpion barely misses you.
You barely miss the scorpion.
The scorpion is almost dead.
The scorpion closely misses you.
You hit the scorpion.
The scorpion is almost dead.
The scorpion stings you but does no damage.
You completely miss the scorpion.
The scorpion is almost dead.
The scorpion stings you but does no damage.
You closely miss the scorpion.
The scorpion is almost dead.
The scorpion stings you but does no damage.
You hit the scorpion but do no damage.
The scorpion is almost dead.
The scorpion stings you.
* * * LOW HITPOINT WARNING * * *
You are lethally poisoned!
The scorpion poisons you!
You barely miss the scorpion.
The scorpion is almost dead.
* * * LOW HITPOINT WARNING * * *
You feel very sick. The scorpion closely misses you. The scorpion stings you.
* * * LOW HITPOINT WARNING * * *
It was a potion of might.
You feel very mighty all of a sudden.
You die...

#. .. . . ##.
.. . .. ..
.##.### . ..
#..... ...#.
#...##...
#.....#......#
#......@#
.......s#
..#...#..
#....... ##.
####> #. .. #
.. ##


You could see a scorpion.

Vanquished Creatures
  An adder (D:2)
  3 dart slugs
  A ball python (D:1)
  2 bats (D:1)
  An endoplasm (D:2)
  2 giant cockroaches (D:2)
  2 goblins
  2 quokkas (D:1)
  3 frilled lizards
  2 kobolds
  4 rats
23 creatures vanquished.

Notes
Turn   | Place    | Note
-------+----------+-------------------------------------------
     0 | D:1      | croobank the Demonspawn Monk began the quest for the Orb.
     0 | D:1      | Reached XP level 1. HP: 18/18 MP: 1/1
   470 | D:1      | Gained mutation: You have an unusually large brain. (Int
                  | +2) [demonic ancestry]
   470 | D:1      | Reached XP level 2. HP: 24/24 MP: 2/2
   912 | D:2      | Gained mutation: You regenerate magic rapidly. [demonic
                  | ancestry]
   912 | D:2      | Reached XP level 3. HP: 23/29 MP: 3/3
  1409 | D:3      | Noticed a scorpion
  1427 | D:3      | Succumbed to a scorpion's poison

Illustrated notes

Levels and vault maps discovered:
D:1:      lordsloth_arrival_two_stooges, layout_rooms, minivault_14
D:2:      layout_loops_ring
D:3:      layout_rooms

Skill      XL: |  1  2 |
---------------+-------+-----
Dodging        | 3 |  3.1
Polearms       | 3 |  3.1
Fighting       | |  3.5
Stealth        | |  1.9

Action                   || total
-------------------------++-------
Melee: Spear             ||    97
  Use: Potion            ||     2
 Stab: Sleeping          ||     2
Armor: Robe              ||     5
       Leather armour    ||    10
Dodge: Dodged            ||    56
